 Dungeon Crawl Stone Soup version 0.30-a0-718-geaa24f58ff (webtiles) character file.

Game seed: 2364486237127452647

205 M4edhros the Insei (level 5, -1/35 HPs)
             Began as an Octopode Transmuter on Jan 25, 2023.
             Succumbed to a water moccasin's poison
             ... on level 5 of the Dungeon.
             The game lasted 00:02:08 (547 turns).

M4edhros the Insei (Octopode Transmuter)             Turns: 547, Time: 00:02:09

Health: -1/35      AC:  1    Str: 10      XL:     5   Next: 83%
Magic:  5/8        EV: 14    Int: 14 (15) God:
Gold:   44         SH:  0    Dex: 14      Spells: 4/8 levels left

rFire   . . .      SeeInvis .      - Unarmed
rCold   . . .      Faith    .    (no shield)
rNeg    . . .      Spirit   .    (helmet restricted)
rPois   .          Reflect  .    (no amulet)
rElec   .          Harm     .    (no ring)
rCorr   .          Rampage  .    (no ring)
Will    .....                    (no ring)
Stlth   ++                       (no ring)
HPRegen 0.25/turn                (no ring)
MPRegen 0.11/turn                (no ring)
                                 (no ring)
                                 (no ring)

@: lethally poisoned (-1 -> -18), attractive
A: almost no armour, amphibious, 8 rings, camouflage 1, gelatinous body 1,
(nimble swimmer 1), tentacles
a: no special abilities


You were on level 5 of the Dungeon.
You visited 1 branch of the dungeon, and saw 5 of its levels.

You collected 44 gold pieces.

Inventory:

Missiles
 f - 5 silver javelins
Scrolls
 a - a scroll of teleportation {unknown}
 c - a scroll of enchant weapon {unknown}
 d - a scroll of identify {unknown}
 e - a scroll of blinking {unknown}
 g - a scroll of immolation {unknown}
Potions
 b - a potion of degeneration


   Skills:
 + Level 2.7 Fighting
 + Level 3.3 Dodging
 * Level 4.9 Unarmed Combat
 - Level 2.0 Spellcasting
 - Level 2.0 Transmutations


You had 4 spell levels left.
You knew the following spells:

 Your Spells              Type           Power      Damage    Failure   Level
a - Beastly Appendage     Tmut           14%        N/A       11%         1
b - Spider Form           Tmut/Pois      4%         N/A       43%         3

Your spell library contained the following spells:

 Spells                   Type           Power      Damage    Failure   Level
 Wereblood                Tmut           7%         N/A       16%         2
 Ice Form                 Ice/Tmut       4%         N/A       83%         4


Dungeon Overview and Level Annotations

Branches:
Dungeon (5/15)             Temple (0/1) D:5

Altars:
Wu Jian


Innate Abilities, Weirdness & Mutations

You cannot wear most types of armour.
You are amphibious.
You can wear up to eight rings at the same time.
Your skin changes colour to match your surroundings (Stealth+).
Your rubbery body absorbs attacks. (AC +1, EV +1)
((You are camouflaged when in or above water. (Stealth+)))
You have tentacles for arms and can constrict up to eight enemies at once.


Message History

You closely miss the water moccasin.
The water moccasin is lightly wounded.
The water moccasin barely misses you.
You hit the water moccasin.
The water moccasin is moderately wounded.
The water moccasin misses you.
You closely miss the water moccasin.
The water moccasin is moderately wounded.
The water moccasin misses you. The water moccasin closely misses you.
You completely miss the water moccasin.
The water moccasin is moderately wounded.
The water moccasin bites you!
You are lethally poisoned!
The water moccasin poisons you!
Okay, then.
You hit the water moccasin.
The water moccasin is heavily wounded.
You feel extremely sick. The water moccasin bites you.
You hit the water moccasin.
The water moccasin looks as sick as possible!
The water moccasin is severely wounded.
Your transformation has ended.
* * * LOW HITPOINT WARNING * * *
You feel very sick.
The water moccasin bites you but does no damage.
The water moccasin closely misses you.
You barely miss the water moccasin. Your grab misses the water moccasin.
You tentacle-slap the water moccasin.
You kill the water moccasin!
* * * LOW HITPOINT WARNING * * *
You feel very sick.
You feel your strength returning.
You feel your intelligence returning.
You feel your dexterity returning.
Your Dodging skill increases to level 3!
You have reached level 5!
You feel stronger.
Okay, then.
Found a Young Poisoner's Handbook.
You die...

....... ##
.......... #..
#.......... #.⌠.
#......)..(
##...###.........
....[............
⌠..>..⌠...#..[#
:......@.....#
##...###)...## #.
#....# #<..##
#...# ##..# #.##
#.# #.#


There were no monsters in sight!

Vanquished Creatures
  A water moccasin (D:5)
  A phantom (D:4)
  An adder (D:4)
  A dart slug (D:3)
  An orc (D:4)
  A bat (D:3)
  An endoplasm (D:4)
  2 giant cockroaches (D:1)
  A goblin (D:3)
  A hobgoblin (D:3)
  3 kobolds
  2 quokkas
  A rat (D:1)
17 creatures vanquished.

Notes
Turn   | Place    | Note
-------+----------+-------------------------------------------
     0 | D:1      | M4edhros the Octopode Transmuter began the quest for the
                  | Orb.
     0 | D:1      | Reached XP level 1. HP: 13/13 MP: 3/3
    55 | D:1      | Found a faded altar of an unknown god.
   176 | D:2      | Reached XP level 2. HP: 18/18 MP: 5/5
   233 | D:3      | Found an ornate altar of the Wu Jian Council.
   433 | D:4      | Noticed a phantom
   449 | D:4      | Killed a phantom
   450 | D:4      | Reached skill level 4 in Unarmed Combat
   450 | D:4      | Reached XP level 3. HP: 24/24 MP: 6/6
   450 | D:4      | Reached XP level 4. HP: 29/29 MP: 7/7
   517 | D:5      | Entered Level 5 of the Dungeon
   522 | D:5      | Found a staircase to the Ecumenical Temple.
   522 | D:5      | Noticed a water moccasin
   532 | D:5      | Learned a level 3 spell: Spider Form
   546 | D:5      | Killed a water moccasin
   547 | D:5      | Reached XP level 5. HP: 2/35 MP: 5/8
   547 | D:5      | Succumbed to a water moccasin's poison

Illustrated notes

Levels and vault maps discovered:
D:1:      matt_arrival_diagonals, layout_basic,
          shapermc_ecumenical_altar_starsandcircs, minmay_tromino_v7
D:2:      layout_basic
D:3:      layout_basic, nicolae_wu_jian_wuxing_cycle
D:4:      layout_basic, grunt_temple_overflow_open
D:5:      layout_cave_pods, mainiacjoe_overflow_tiny_flanked,
          minmay_temple_entry_junction, kennysheep_small_circle,
          uniq_prince_ribbit1, uniq_grinder, uniq_crazy_yiuf_cottage

Skill      XL: |  1  2  3  4 |
---------------+-------------+-----
Fighting       | 2 |  2.7
Unarmed Combat | 4 |  4.9
Dodging        | 3 |  3.3
Spellcasting   | |  2.0
Transmutations | |  2.0

Action                     |  1- 3 |  4- 6 || total
---------------------------+-------+-------++-------
  Melee: Unarmed           |    44 |    16 ||    60
         Constrict         |    12 |     1 ||    13
         Tentacles         |     8 |     1 ||     9
         Punch             |     2 |     1 ||     3
   Cast: Spider Form       |       |     1 ||     1
    Use: Potion            |     3 |     2 ||     5
   Stab: Sleeping          |     2 |     1 ||     3
 Armour: Skin              |    14 |     1 ||    15
  Dodge: Dodged            |    30 |    13 ||    43

Table legend: (Time is in decaauts)
 A = Elapsed time spent in this place.
 B = Non-inter-level travel time spent in this place.
 C = Inter-level travel time spent in this place.
 D = Time resting spent in this place.
 E = Time spent auto-exploring this place.
 F = Levels seen in this place.
 G = Mean time per level.
                   A        B        C        D        E       F      G
               +--------+--------+--------+--------+--------+-----+--------+
         Total |    542 |    490 |     52 |     26 |    284 |   5 |  108.4 |
       Dungeon |    542 |    490 |     52 |     26 |    284 |   5 |  108.4 |
               +--------+--------+--------+--------+--------+-----+--------+

Top non-repeatable levels by time:
     D:4: 220 daAuts
     D:1: 150 daAuts
     D:3: 114 daAuts
     D:5: 28 daAuts
     D:2: 27 daAuts
